ii, chaotic male human Rogue @ ii the Rogue Experience level: 8 Strength: 16 Dexterity: 16 Constitution: 18 Intelligence: 8 Wisdom: 11 Charisma: 9 Health: 0(69) Energy: 34(34) Def: 11 Gold: 0 Moves: 4363 Dungeon seed: NQl5RaIUh3YUS_ZY Game ID: ii_1529857727 Your Inventory: Weapons b - 5 +0 daggers l - a +0 elven dagger (weapon in hand) x - 9 +0 daggers (in quiver) N - a +1 dagger R - 4 +3 daggers Armor n - an uncursed +0 small shield (being worn) y - an uncursed +0 dwarvish iron helm (being worn) z - an uncursed +0 pair of iron shoes (being worn) G - a cursed +0 dwarvish mithril-coat (being worn) Comestibles P - an uncursed food ration Q - an uncursed slime mold V - an uncursed lizard corpse Z - an uncursed carrot Scrolls k - an uncursed scroll of destroy armor I - an uncursed scroll of teleportation S - a cursed scroll of charging Potions c - an uncursed potion of sickness s - an uncursed potion of blindness t - a cursed potion of speed w - an uncursed potion of gain ability A - an uncursed potion of full healing H - an uncursed potion of gain energy Rings h - an uncursed ring of regeneration p - a cursed ring of regeneration r - an uncursed ring of stealth M - an uncursed ring of shock resistance T - an uncursed ring of regeneration Wands g - a wand of cancellation (0:5) i - a wand of digging (0:6) j - a wand of make invisible (0:7) m - a wand of striking (0:2) v - a wand of magic missile (0:2) E - a wand of digging (0:7) J - a wand of magic missile (0:5) K - a wand of striking (0:2) O - a wand of light (0:14) Tools d - an uncursed lock pick f - an uncursed sack o - an uncursed wax candle (0:400) L - an uncursed blindfold W - an uncursed oil lamp (0:779) X - an uncursed towel Gems e - an uncursed worthless piece of yellowish brown glass q - an uncursed worthless piece of white glass Y - an uncursed topaz stone Contents of the sack: 126 gold pieces an uncursed amulet of ESP 3 uncursed slime molds an uncursed scroll of blank paper an uncursed scroll of genocide an uncursed spellbook of jumping a magic marker (0:33) 11 uncursed tallow candles (0:200) an uncursed obsidian stone an uncursed worthless piece of black glass 2 uncursed worthless pieces of blue glass an uncursed worthless piece of orange glass 4 uncursed worthless pieces of red glass an uncursed worthless piece of violet glass an uncursed worthless piece of white glass 2 uncursed worthless pieces of yellow glass 4 uncursed worthless pieces of yellowish brown glass Spells and supernatural/magical abilities: Name Level Category Fail Memory j - jumping 1 escape 100% 82% W - pray for help -- divine ? -- Your skills at the end: Fighting Skills Weapon Skills dagger [Expert] short sword [Basic] Spellcasting Skills Final Attributes: You were piously aligned. You were stealthy. You were swallowed by an energy vortex. You are dead. Vanquished creatures: a small mimic a chameleon 4 wolves a panther a spotted jelly 3 giant spiders a vampire bat 2 gnome kings a dwarf mummy an owlbear a yeti a lizard a snake an ape a water nymph 2 Mordor orcs a yellow light 17 gnome lords a gnomish wizard a red naga hatchling a golden naga hatchling a ghoul 2 kittens 17 dwarves a rothe 4 dwarf zombies a werejackal an iguana 3 killer bees a coyote a gas spore 6 hobbits 2 hobgoblins a yellow mold 58 gnomes 2 geckos 7 jackals 2 foxes 2 kobolds 5 sewer rats 8 grid bugs 4 lichens 3 kobold zombies 3 newts 179 creatures vanquished. Voluntary challenges: You had been an atheist until turn 2148. You used a wielded weapon 122 times, starting on turn 44. You read items or engraved 10 times, starting on turn 561. You never genocided any monsters. You never polymorphed an object. You never changed form. You used no wishes. You never split a pudding. You wrote Elbereth's name 3 times, starting on turn 1969. You violated your moral code, losing 15 points of alignment, starting on turn 3573. Dungeon overview: The Dungeons of Doom: levels 1 to 2 Level 1 a fountain a long staircase Level 2 a fountain stairs to The Gnomish Mines The Gnomish Mines: levels 3 to 10 Level 3 stairs to The Dungeons of Doom Level 4 Level 5 Level 6 many shops, a temple to Issek, some fountains Level 7 Level 8 Level 9 Level 10 <- You were here History has recorded: On T:1 you entered the Dungeons of Doom to retrieve the Amulet of Yendor! On T:42 you reached level 2 of The Dungeons of Doom. On T:352 you advanced to experience level 2. On T:824 you advanced to experience level 3. On T:954 you reached level 1 of The Gnomish Mines. On T:1019 you advanced to experience level 4. On T:1259 you advanced to experience level 5. On T:1290 you reached level 2 of The Gnomish Mines. On T:1432 you reached level 3 of The Gnomish Mines. On T:1521 you advanced to experience level 6. On T:1652 you reached level 4 of The Gnomish Mines. On T:2142 you advanced to experience level 7. On T:2797 you reached level 5 of The Gnomish Mines. On T:3254 you reached level 6 of The Gnomish Mines. On T:3452 you advanced to experience level 8. On T:4142 you reached level 7 of The Gnomish Mines. On T:4197 you reached level 8 of The Gnomish Mines. Score breakdown: Gold: 126 ( 7156 points) Experience: 8 levels (14739 points) Exploration: 10 levels ( 21.28%) (13269 points) Discoveries: 8 items ( 2.68%) ( 4915 points) Valuables value: (no points given unless you survive) Artifact value: 0 ( 0 points) Variety of kills: 44 monsters ( 11.55%) (10194 points) Turncount: 4363 turns (-1153 points) Survival: died (score multiplied by 80%) Total score: 39296 Latest messages: This gnome lord corpse tastes terrible! You stop eating. You resume your meal. You stop eating. You throw 2 daggers. The 1st dagger hits the energy vortex! The 2nd dagger hits the energy vortex! There are a few objects here. You resume your meal. You stop eating. You hit the energy vortex. You are jolted with electricity! The energy vortex bumps right into you! The energy vortex engulfs you! The air around you crackles with electricity. You hit the energy vortex. The air around you crackles with electricity. (3x) You hit the energy vortex! You are jolted with electricity! The air around you crackles with electricity. (2x) You hit the energy vortex! You are jolted with electricity! You die... Final status: Goodbye ii the Rogue, killed by an energy vortex... You died in The Gnomish Mines on dungeon level 10 with 39296 points, and 126 pieces of gold, after 4363 moves. You were level 8 with a maximum of 69 hit points when you died.